 Dungeon Crawl Stone Soup version 0.28.0-45-g0d030f2227 (webtiles) character file.

Game seed: 16133948396185657261

69 NinjaNoafa the Caller (level 4, -5/32 HPs)
             Began as a Merfolk Summoner on Apr 4, 2022.
             Was a Follower of Sif Muna.
             Killed by an exploding hobgoblin (36 damage)
             ... ignited by their inner flame
             ... on level 3 of the Dungeon.
             The game lasted 00:07:51 (3194 turns).

NinjaNoafa the Caller (Merfolk Summoner)            Turns: 3194, Time: 00:07:51

Health: -5/32      AC:  3    Str:  8    XL:     4   Next: 20%
Magic:  5/7        EV: 13    Int: 16    God:    Sif Muna [*.....]
Gold:   110        SH:  0    Dex: 14    Spells: 5/8 levels left

rFire   . . .      SeeInvis .   c - +2 hand axe (venom)
rCold   . . .      Faith    .   (no shield)
rNeg    . . .      Spirit   .   k - +0 robe
rPois   .          Reflect  .   (no helmet)
rElec   .          Harm     .   (no cloak)
rCorr   .          Rampage  .   j - +0 pair of gloves
Will    .....                   (no boots)
Stlth   ++........              (no amulet)
HPRegen 0.10/turn               (no ring)
MPRegen 0.10/turn               (no ring)

@: no status effects
A: (nimble swimmer 2), mertail
a: Renounce Religion, Channel Magic


You were on level 3 of the Dungeon.
You worshipped Sif Muna.
Sif Muna was aware of your devotion.
You visited 1 branch of the dungeon, and saw 3 of its levels.

You collected 110 gold pieces.

Inventory:

Hand Weapons
 c - a +2 hand axe of venom (weapon)
 f - a +1 hunting sling of freezing
 i - a +0 dagger
Missiles
 b - 15 sling bullets
 g - 45 stones
 n - 5 poisoned darts
 o - 6 boomerangs
Armour
 a - a +0 robe
 j - a +0 pair of gloves (worn)
 k - a +0 robe (worn)
Scrolls
 e - a scroll of enchant weapon {unknown}
 h - 3 scrolls of enchant armour {unknown}
 m - a scroll of brand weapon {unknown}
Potions
 l - a potion of heal wounds {unknown}


   Skills:
 + Level 1.2 Fighting
 + Level 3.3 Dodging
 + Level 2.8 Stealth
 * Level 2.6 Spellcasting
 * Level 4.5 Summonings


You had 5 spell levels left.
You knew the following spells:

 Your Spells              Type           Power      Damage    Failure   Level
a - Summon Small Mammal   Summ           64%        N/A       3%          1
b - Call Imp              Summ           16%        N/A       4%          2

Your spell library contained the following spells:

 Spells                   Type           Power      Damage    Failure   Level
 Call Canine Familiar     Summ           16%        N/A       10%         3
 Summon Guardian Golem    Hex/Summ       9%         N/A       24%         3
 Summon Lightning Spire   Summ/Air       9%         N/A       61%         4


Dungeon Overview and Level Annotations

Branches:
Dungeon (3/15)

Altars:
Sif Muna

Annotations:
D:3 Robin


Innate Abilities, Weirdness & Mutations

((You are very nimble when in or above water. (Stealth+, EV+, Speed+++)))
Your lower body shifts to a powerful aquatic tail in water.


Message History

You hit the worm.
You kill the worm!
Sif Muna accepts your kill.
Things that are here:
a +0 robe; 6 boomerangs
o - 6 boomerangs Magic restored.
A hobgoblin and 2 goblins come into view.
A hobgoblin comes into view.
Found a stone staircase leading up.
Your crimson imp blinks!
A goblin comes into view. It is wielding a +1 dagger of venom.
The goblin shouts!
The hobgoblin shouts!
You hear a shout! x2
Your crimson imp disappears in a puff of smoke!
Robin of the Strong Arm comes into view.
They are wielding a +0 club.
The goblin shouts!
You hear a shout!
A goblin comes into view. It is wielding a +0 dagger.
The hobgoblin barely misses you.
Casting: Call Imp (safe; 4% risk of failure)
Confirm with . or Enter, or press ? or * to list all spells.
A beastly little devil appears in a puff of flame.
Robin shouts!
You hear a shout!
The hobgoblin hits you.
As you read the scroll labelled ALOUCR SOYV, it crumbles to dust.
The creatures around you are filled with an inner flame!
It was a scroll of immolation.
Your crimson imp blinks!
The goblin hits your crimson imp but does no damage.
Your crimson imp hits the hobgoblin.
Flame seeps out of the hobgoblin.
The hobgoblin is engulfed in blazing flames.
Sif Muna accepts your kill.
The hobgoblin explodes!
The fiery explosion engulfs the goblin!!!
Sif Muna accepts your kill.
The fiery explosion engulfs the goblin!!
Sif Muna accepts your kill. The fiery explosion engulfs you!!!
Ouch! That really hurt!
You die...

####.#### #....
#.......###.#.# #.#
#...#.#.# #.# #.......#
#### ##.# #.....###
####...## #..# #..##.#
......g.###..#####..##...
#...g.§5##.....))........
#<.g.g§○@...[.#..####.#.#
#..####§##.##.#.......#.#
####............#.#
#.##.#.###### #.##.#.#
#.##.#.# #.##.#.# #.##.#
#..


You could see Robin (inner flame), a hobgoblin (inner flame), 2 goblins and a
friendly crimson imp (summoned, inner flame).

Vanquished Creatures
  3 adders
  A worm (D:3)
  2 ball pythons
  A bat (D:3)
  An endoplasm (D:1)
  3 giant cockroaches
  5 hobgoblins
  A quokka (D:1)
  3 frilled lizards (D:2)
  4 goblins
  A kobold (D:1)
  A rat (D:2)
26 creatures vanquished.

Vanquished Creatures (collateral kills)
  An orc (D:3)
  An endoplasm (D:1)
  3 goblins
  2 hobgoblins (D:1)
  5 ball pythons (D:1)
  A rat (D:1)
13 creatures vanquished.

Vanquished Creatures (others)
  A plant (D:1)
1 creature vanquished.

Grand Total: 40 creatures vanquished

Notes
Turn   | Place    | Note
-------+----------+-------------------------------------------
     0 | D:1      | NinjaNoafa the Merfolk Summoner began the quest for the
                  | Orb.
     0 | D:1      | Reached XP level 1. HP: 13/13 MP: 3/3
   349 | D:1      | Found a faded altar of an unknown god.
   356 | D:1      | Prayed at the altar of an unknown god.
   356 | D:1      | Became a worshipper of Sif Muna the Loreminder
   356 | D:1      | Reached * piety under Sif Muna
   819 | D:1      | Reached XP level 2. HP: 9/19 MP: 1/5
  1656 | D:2      | Reached XP level 3. HP: 6/25 MP: 4/6
  1901 | D:2      | Learned a level 2 spell: Call Imp
  2287 | D:2      | Reached skill level 1 in Fighting
  2850 | D:3      | HP: 1/26 [adder (1)]
  2854 | D:3      | Reached XP level 4. HP: 2/32 MP: 7/7
  3189 | D:3      | Noticed Robin
  3194 | D:3      | Killed by an exploding hobgoblin... ignited by their inner
                  | flame

Illustrated notes

Levels and vault maps discovered:
D:1:      ebering_hopf_link, layout_basic,
          shapermc_ecumenical_altar_mp_ritualfount
D:2:      layout_basic, chequers_serial_rivers_large_b
D:3:      layout_loops_cross, gammafunk_temple_overflow_statue,
          gammafunk_ghost_split, minmay_box_of_dots, uniq_robin

Skill      XL: |  1  2  3 |
---------------+----------+-----
Dodging        | 3 |  3.3
Fighting       | 1 |  1.2
Stealth        | |  2.8
Spellcasting   | |  2.6
Summonings     | |  4.5

Action                   |  1- 3 |  4- 6 || total
-------------------------+-------+-------++-------
Melee: Unarmed           |    54 |       ||    54
       Punch             |     2 |       ||     2
       Hunting sling     |     3 |       ||     3
       Dagger            |    34 |       ||    34
       Hand axe          |       |     5 ||     5
 Fire: Hunting sling     |    36 |       ||    36
 Cast: Summon Small Mamm |    24 |       ||    24
       Call Imp          |     1 |     2 ||     3
  Use: Potion            |     1 |       ||     1
       Scroll            |       |     1 ||     1
 Stab: Sleeping          |     2 |       ||     2
       Distracted        |     1 |       ||     1
Armor: Robe              |    30 |       ||    30
Dodge: Dodged            |   114 |     2 ||   116
